 Dungeon Crawl Stone Soup version 0.27.1-3-gb3d3a73c9e (webtiles) character file.

Game seed: 15694110527411651619

15792 earthworldpsion the Fighter (level 12, -3/112 HPs)
             Began as a Minotaur Berserker on Oct 21, 2021.
             Was an Elder of Trog.
             Slain by a seven-headed hydra (6 damage)
             ... on level 12 of the Dungeon.
             The game lasted 00:25:35 (12900 turns).

earthworldpsion the Fighter (Minotaur Berserker)   Turns: 12900, Time: 00:25:35

Health: -3/112     AC: 15    Str: 26    XL:     12   Next: 4%
Magic:  11/11      EV: 11    Int:  4    God:    Trog [****..]
Gold:   604        SH:  5    Dex: 11    Spells: 11/11 levels left

rFire    . . .     SeeInvis .   A - +8 frozen axe "Frostbite" {freezing cloud, *Noise Fly rC+}
rCold    + . .     Faith    .   (shield currently unavailable)
rNeg     . . .     Spirit   .   o - +0 plate armour
rPois    .         Reflect  +   (helmet restricted)
rElec    .         Harm     .   (no cloak)
rCorr    .         Rampage  .   (no gloves)
Will     +++..                  (no boots)
Stlth    ..........             F - amulet of reflection
HPRegen  1.28/turn              g - ring of willpower
MPRegen  0.12/turn              N - +4 ring of slaying

@: strong-willed, on berserk cooldown, flying, regenerating, slowed, very slow
A: horns 2, retaliatory headbutt
a: Renounce Religion, Berserk, Trog's Hand, Brothers in Arms


You were on level 12 of the Dungeon.
You worshipped Trog.
Trog was greatly pleased with you.
You visited 1 branch of the dungeon, and saw 12 of its levels.

You collected 604 gold pieces.

Inventory:

Hand Weapons
 a - a +0 spear
 A - the +8 frozen axe "Frostbite" (weapon) {freezing cloud, *Noise Fly rC+}
   (You found it on level 5 of the Dungeon)

   It freezes those it strikes, dealing additional cold damage.
   It can also slow down cold-blooded creatures.
   It occasionally leaves clouds of freezing vapour upon striking a foe.
   It grants immunity to clouds of freezing vapour.
   rC:        It protects you from cold.
   Fly:       It grants you flight.
   *Noise:    It may make noises in combat.
 G - a +5 short sword of flaming
 M - a +4 battleaxe
Missiles
 t - 17 javelins
 C - 4 throwing nets
Armour
 b - a +0 animal skin
 j - a +0 ring mail
 o - a +0 plate armour (worn)
 K - a +0 tower shield
Jewellery
 g - a ring of willpower (left hand)
 x - an amulet of faith
 E - a ring of see invisible
 F - an amulet of reflection (around neck)
 N - a +4 ring of slaying (right hand)
 Q - a ring of willpower
Wands
 B - a wand of iceblast (8)
 H - a wand of polymorph (7)
Scrolls
 d - a scroll of amnesia {unknown}
 e - 2 scrolls of fog
 f - a scroll of magic mapping
 i - 2 scrolls of noise
 k - 4 scrolls of immolation
 l - a scroll of silence {unknown}
 m - 6 scrolls of teleportation
 s - a scroll of enchant weapon
 v - a scroll of fear {unknown}
 w - 2 scrolls of enchant armour
 y - 2 scrolls of identify
 D - 2 scrolls of holy word
 I - a scroll of summoning
 J - a scroll of acquirement {unknown}
Potions
 c - 4 potions of attraction {unknown}
 h - 5 potions of flight
 n - 3 potions of might {unknown}
 p - a potion of berserk rage {unknown}
 q - 4 potions of brilliance
 r - 2 potions of haste {unknown}
 u - 5 potions of curing
 z - a potion of ambrosia {unknown}
 L - a potion of heal wounds {unknown}
 O - a potion of degeneration {unknown}
 P - 2 potions of mutation {unknown}


   Skills:
 + Level 12.1 Fighting
 + Level 9.4(10.6) Axes
 - Level 8.1(10.0) Polearms
 + Level 11.9 Armour
 + Level 11.0 Dodging


You had 11 spell levels left.
You didn't know any spells.
Your spell library was empty.

Dungeon Overview and Level Annotations

Branches:
Dungeon (12/15)            Temple (0/1) D:4            Lair (0/6) D:9
    Orc (0/2) D:9

Altars:
Elyvilon
Fedhas
Kikubaaqudgha
Nemelex Xobeh
Okawaru
Ru
Sif Muna
Trog
Wu Jian
Yredelemnul
Zin
The Shining One

Shops:
D:1 =   D:5 (

Annotations:
D:12 1 runed translucent door, exclusion: 4 orange crystal statues


Innate Abilities, Weirdness & Mutations

You have a pair of horns on your head.
You reflexively headbutt those who attack you in melee.


Message History

The troll is moderately wounded.
The troll is engulfed in freezing vapours.
The troll closely misses you. The troll completely misses you.
The troll claws you!
The troll is engulfed in freezing vapours.
The troll bites you but does no damage. The troll closely misses you.
The troll claws you.
You barely miss the troll. You headbutt the troll.
You kill the troll!
Trog accepts your kill. The seven-headed hydra bites you!
You block the seven-headed hydra's attack.
The seven-headed hydra bites you!
* * * LOW HITPOINT WARNING * * *
You block the seven-headed hydra's attack.
The seven-headed hydra bites you but does no damage. x2
The seven-headed hydra closely misses you.
The seven-headed hydra bites you.
The seven-headed hydra bites you but does no damage.
The seven-headed hydra bites you.
* * * LOW HITPOINT WARNING * * *
You block the seven-headed hydra's attack.
The seven-headed hydra misses you.
The seven-headed hydra bites you but does no damage.
The seven-headed hydra bites you!
* * * LOW HITPOINT WARNING * * *
The seven-headed hydra bites you but does no damage.
You block the seven-headed hydra's attack.
The seven-headed hydra barely misses you.
The seven-headed hydra bites you.
* * * LOW HITPOINT WARNING * * *
You block the seven-headed hydra's attack.
The seven-headed hydra closely misses you. x2
You see here a troll corpse.
The seven-headed hydra bites you but does no damage.
The seven-headed hydra closely misses you.
The seven-headed hydra bites you!
* * * LOW HITPOINT WARNING * * *
The seven-headed hydra bites you.
You die...

..............
...........>.......###
#..................#
#..................#
#..................#
#..................#
#..................#
#.$.D..............#
#...†@........<....#
#..................#
#.......)..........#
#....))............##
#....†..............##
#....................#
#..|..................
#...............####'#
...................#8....


You could see a seven-headed hydra.

Vanquished Creatures
  Fannar (D:12)
  Erica (D:8)
  A two-headed ogre (D:10)
  Sonja (D:11)
  Pikel (D:5)
  A manticore (D:8)
  A centaur zombie (D:11)
  An unseen horror (D:11)
  5 trolls
  Grinder (D:4)
  4 slime creatures (D:12)
  Sigmund (D:4)
  2 shadows
  A wraith (D:9)
  A wyvern (D:9)
  11 yaks
  A basilisk (D:9)
  A steam dragon (D:8)
  2 wargs (D:9)
  An acid dragon (D:8)
  Duvessa (D:4)
  3 water moccasins
  2 orc warriors
  3 ice beasts
  2 sky beasts
  A hornet zombie (D:8)
  2 necrophages (D:7)
  4 black bears
  2 ogres
  7 centaurs
  2 phantoms (D:4)
  A lemure (D:5)
  3 kobold brigands
  Blork the orc (D:5)
  4 bullfrogs
  4 scorpions
  4 gnoll sergeants
  Dowan (D:4)
  A wyvern zombie (D:8)
  12 killer bees
  5 electric eels (D:10)
  9 wights
  10 howler monkeys
  A bullfrog zombie (D:6)
  A jelly (D:6)
  5 orc priests
  A bullfrog skeleton (D:5)
  3 gnoll shamans (D:5)
  9 hounds
  8 iguanas
  Ijyb (D:5)
  A scorpion zombie (D:5)
  5 orc wizards
  4 howler monkey zombies
  33 gnolls
  11 adders
  A shadow imp (D:5)
  A white imp (D:7)
  2 ufetubi
  An adder skeleton (D:4)
  2 worms (D:4)
  7 dart slugs
  17 orcs
  9 ball pythons
  6 endoplasms
  9 giant cockroaches
  4 goblins
  13 hobgoblins
  14 jackals
  21 kobolds
  3 quokkas
  6 bats
  3 frilled lizards (D:1)
  5 rats
330 creatures vanquished.

Vanquished Creatures (others)
  A plant (D:9)
1 creature vanquished.

Grand Total: 331 creatures vanquished

Notes
Turn   | Place    | Note
-------+----------+-------------------------------------------
     0 | D:1      | earthworldpsion the Minotaur Berserker began the quest for
                  | the Orb.
     0 | D:1      | Reached XP level 1. HP: 19/19 MP: 0/0
   207 | D:1      | Reached XP level 2. HP: 26/27 MP: 1/1
   467 | D:1      | Found Goeduep's Jewellery Boutique.
   876 | D:1      | Reached skill level 4 in Fighting
  1134 | D:2      | Reached XP level 3. HP: 33/33 MP: 2/2
  1188 | D:2      | Reached ** piety under Trog
  1514 | D:2      | Reached XP level 4. HP: 41/41 MP: 3/3
  1945 | D:3      | Noticed an ogre
  1952 | D:3      | Killed an ogre
  1953 | D:3      | Reached XP level 5. HP: 39/47 MP: 4/4
  2108 | D:3      | Reached skill level 5 in Polearms
  2138 | D:3      | Reached skill level 5 in Fighting
  2297 | D:3      | Reached *** piety under Trog
  2298 | D:3      | Reached XP level 6. HP: 31/56 MP: 5/5
  3478 | D:4      | Reached XP level 7. HP: 62/62 MP: 6/6
  3633 | D:4      | Reached skill level 5 in Armour
  3926 | D:4      | Noticed Sigmund
  3941 | D:4      | Killed Sigmund
  3942 | D:4      | Reached skill level 6 in Fighting
  4019 | D:4      | Noticed Grinder
  4026 | D:4      | Reached skill level 5 in Dodging
  4058 | D:4      | Killed Grinder
  4299 | D:4      | Noticed Duvessa
  4299 | D:4      | Noticed Dowan
  4314 | D:4      | Killed Duvessa
  4315 | D:4      | Reached XP level 8. HP: 71/71 MP: 7/7
  4316 | D:4      | Killed Dowan
  4355 | D:4      | Found a staircase to the Ecumenical Temple.
  4481 | D:5      | Entered Level 5 of the Dungeon
  4544 | D:5      | Noticed Blork the orc
  4560 | D:5      | Reached skill level 7 in Fighting
  4565 | D:5      | Killed Blork the orc
  5065 | D:5      | Noticed Pikel
  5079 | D:5      | Killed Pikel
  5080 | D:5      | Reached skill level 8 in Fighting
  5080 | D:5      | Reached XP level 9. HP: 81/81 MP: 8/8
  5098 | D:5      | Found Catrovor's Weapon Shop.
  5100 | D:5      | Found the +8 frozen axe "Frostbite" {freezing cloud, *Noise
                  | Fly rC+}
  5106 | D:5      | Noticed Ijyb
  5113 | D:5      | Killed Ijyb
  5174 | D:5      | Reached **** piety under Trog
  5201 | D:5      | Reached skill level 1 in Axes
  6258 | D:6      | Found a sacrificial altar of Ru.
  6386 | D:6      | Reached skill level 9 in Fighting
  7046 | D:6      | Reached XP level 10. HP: 81/91 MP: 9/9
  7684 | D:7      | Reached skill level 5 in Axes
  8170 | D:7      | Found a white marble altar of Elyvilon.
  8170 | D:7      | Found a glowing silver altar of Zin.
  8170 | D:7      | Found a glowing golden altar of the Shining One.
  8392 | D:8      | Noticed Erica
  8398 | D:8      | Killed Erica
  8399 | D:8      | Reached skill level 10 in Fighting
  8413 | D:8      | Reached ***** piety under Trog
  8443 | D:8      | Noticed a manticore
  8456 | D:8      | Killed a manticore
  8457 | D:8      | Reached skill level 10 in Armour
  9014 | D:8      | Reached XP level 11. HP: 101/101 MP: 10/10
  9020 | D:8      | Found a blossoming altar of Fedhas.
  9698 | D:9      | Found a staircase to the Lair.
  9704 | D:9      | Reached skill level 11 in Fighting
  9895 | D:9      | Found a shimmering blue altar of Sif Muna.
 10118 | D:9      | Found a staircase to the Orcish Mines.
 10150 | D:9      | Found an iron altar of Okawaru.
 10298 | D:9      | Reached skill level 10 in Dodging
 10471 | D:9      | Found a basalt altar of Yredelemnul.
 10477 | D:9      | Found an ancient bone altar of Kikubaaqudgha.
 10477 | D:9      | Found an ornate altar of the Wu Jian Council.
 10477 | D:9      | Found a sparkling altar of Nemelex Xobeh.
 10481 | D:9      | Found a bloodstained altar of Trog.
 10698 | D:10     | Entered Level 10 of the Dungeon
 10798 | D:10     | Noticed a two-headed ogre
 10803 | D:10     | Killed a two-headed ogre
 10869 | D:10     | Received a gift from Trog
 12563 | D:11     | Noticed Sonja
 12571 | D:11     | Killed Sonja
 12722 | D:12     | Found a runed translucent door.
 12754 | D:12     | Found the +10 tower shield of Ignorance {rN+ Int-4}
 12757 | D:12     | Noticed an orange crystal statue
 12757 | D:12     | Noticed an orange crystal statue
 12757 | D:12     | Noticed an orange crystal statue
 12757 | D:12     | Noticed an orange crystal statue
 12773 | D:12     | Found a runed translucent door.
 12808 | D:12     | Noticed Fannar
 12820 | D:12     | Killed Fannar
 12823 | D:12     | Reached skill level 12 in Fighting
 12824 | D:12     | Reached XP level 12. HP: 89/112 MP: 11/11
 12892 | D:12     | Noticed a seven-headed hydra
 12900 | D:12     | HP: 3/112 [seven-headed hydra (13)]
 12900 | D:12     | Slain by a seven-headed hydra

Illustrated notes

Levels and vault maps discovered:
D:1:      minmay_arrival_checkered_box, layout_basic, serial_shops,
          nicolae_shop_trees
D:2:      layout_basic, minmay_pentomino_r2
D:3:      minmay_bubble_buster, layout_basic
D:4:      minmay_opposing_rooms, layout_loops_corners,
          minmay_temple_entry_poolview, minmay_door_square, uniq_duvessa,
          uniq_grinder, uniq_sigmund
D:5:      layout_cave_pools, serial_gnoll_camp, gnoll_camp_mini_doghouse,
          gnoll_camp_huts_basic, gnoll_camp_mini_basic, gnoll_camp_medium_02,
          nicolae_stop_n_shop_1, uniq_ijyb, uniq_pikel, uniq_blork_the_orc
D:6:      layout_basic, old_standard_altar, serial_curves, eino_curves_04,
          eino_curves_04
D:7:      layout_loops_corners, good_gods_mini_temple
D:8:      cheibrodos_fzero, layout_gridville, fedhas_altar_2, uniq_erica
D:9:      layout_stronghold, lemuel_doored_altar, mainiacjoe_overflow_alcove_4,
          minitemple, erik_lair_orcish_takeover, orc_0_dummy
D:10:     layout_basic
D:11:     layout_cave_pools, uniq_sonja
D:12:     layout_long_grid, chequers_guarded_unrand_ignorance, uniq_fannar

Skill      XL: |  1  2  3  4  5  6  7  8  9 10 11 12 |
---------------+-------------------------------------+-----
Polearms       | 4 5 6 8 |  8.1
Fighting       | 4 5 6 8 9 10 12 | 12.1
Armour         | 3 4 6 7 8 10 11 | 11.9
Dodging        | 3 4 5 6 8 9 10 11 | 11.0
Axes           | 4 7 9 |  9.4

Action                   |  1- 3 |  4- 6 |  7- 9 | 10-12 || total
-------------------------+-------+-------+-------+-------++-------
Melee: Spear             |   111 |   154 |   157 |       ||   422
       Headbutt          |    14 |    19 |    44 |    29 ||   106
       Executioner's axe |       |       |   100 |   201 ||   301
Throw: Javelin           |       |    10 |       |       ||    10
Invok: Berserk           |     3 |     6 |     9 |    11 ||    29
       Trog's Hand       |       |     2 |     8 |    10 ||    20
Evoke: Wand              |       |       |       |    13 ||    13
  Use: Scroll            |     1 |       |     3 |     7 ||    11
Armor: Animal skin       |     7 |       |       |       ||     7
       Ring mail         |     6 |       |       |       ||     6
       Plate armour      |     5 |    39 |   162 |   212 ||   418
Dodge: Dodged            |    41 |    24 |   119 |   156 ||   340
Block: Other             |       |       |       |    65 ||    65
       Reflection        |       |       |       |     4 ||     4
